AoeStats
← munozbwoy

Arabia

507631301Analyzed
2v2 RM · 14d ago on Sep 19, 2026· 77m 52s· 4 players
Game mode
Random Map
Map size
Medium (4 player)
Population
200
Speed
Normal
Resources
Standard
Victory
Conquest
Starting age
Dark Age
Ending age
Imperial Age
RankedLock teamsTeams togetherTeam positionsShared explorationLock speedFull tech treeHidden civsTurbo modeCheats
Victory
Defeat
🇦🇷 Byzantines · Argentina
811
+15
🇦🇷 Inca · Argentina
811
+15
🇦🇷 Sicilians · Argentina
859
-17
🇦🇷 Inca · Argentina
729
-13
stabmill
5:11 Loom
11:11 Feudal Age
15:56 Stone Mining
16:16 Scale Mail Armor
18:53 Forging
27:56 Castle Age
29:16 Chain Mail Armor
29:07 Double-Bit Axe
29:07 Horse Collar
33:25 Iron Casting
45:50 Imperial Age
45:13 Wheelbarrow
44:57 Bow Saw
44:49 Heavy Plow
45:14 Pikeman
45:59 Squires
45:45 Gambesons
46:40 Halberdier
52:30 Man-at-Arms
53:53 Plate Mail Armor
54:23 Blast Furnace
53:53 Long Swordsman
55:03 Two-Handed Swordsman
59:49 Scale Barding Armor
62:30 Light Cavalry
63:23 Bloodlines
68:27 Crop Rotation
69:17 Cavalier
70:00 Husbandry
70:47 Chain Barding Armor
74:09 Plate Barding Armor
munozbwoy
0:38 Loom
9:55 Feudal Age
10:35 Champi Runner
15:18 Horse Collar
24:04 Double-Bit Axe
31:15 Castle Age
29:54 Scale Mail Armor
32:01 Champi Warrior
40:53 Chain Mail Armor
49:45 Imperial Age
66:13 Plate Mail Armor
65:54 Forging
65:45 Padded Archer Armor
65:36 Fletching
67:07 Caravan
67:37 Coinage
67:18 Guilds
66:46 Elite Champi Warrior
68:35 Iron Casting
72:37 Leather Archer Armor
72:18 Bodkin Arrow
TATALONGO II
10:15 Feudal Age
10:36 Loom
11:56 Double-Bit Axe
12:23 Arson
22:24 Champi Runner
29:24 Castle Age
27:28 Fletching
28:49 Padded Archer Armor
49:22 Imperial Age
46:50 Murder Holes
47:16 Ballistics
46:32 Champi Warrior
61:20 Elite Champi Warrior
63:51 Squires
63:46 Horse Collar
66:25 Forging
66:16 Scale Mail Armor
66:13 Bodkin Arrow
66:33 Leather Archer Armor
JMA
7:54 Loom
11:20 Feudal Age
12:53 Double-Bit Axe
16:04 Horse Collar
21:39 Castle Age
25:38 Stone Mining
25:39 Gold Mining
27:35 Bow Saw
27:38 Heavy Plow
28:12 Fletching
33:16 Murder Holes
33:42 Ballistics
37:36 Imperial Age
36:23 Padded Archer Armor
37:23 Wheelbarrow
36:45 Crossbowman
40:56 Hand Cart
41:06 Conscription
41:19 Bodkin Arrow
42:22 Leather Archer Armor
43:24 Hoardings
44:24 Chemistry
44:29 Crop Rotation
45:04 Two-Man Saw
44:32 Thumb Ring
47:22 Ring Archer Armor
47:04 Forging
49:20 Pikeman
50:01 Squires
50:36 Arbalester
50:47 Man-at-Arms
51:13 Gambesons
55:15 Gold Shaft Mining
55:16 Stone Shaft Mining
54:04 Heavy Camel Rider
54:45 Husbandry
54:11 Long Swordsman
55:40 Light Cavalry
55:45 Two-Handed Swordsman
56:53 Guilds
57:15 Coinage
58:15 Elite Cataphract
58:33 Champion
59:46 Bombard Tower
60:49 Bracer
61:25 Iron Casting
60:51 Scale Mail Armor
60:57 Scale Barding Armor
63:56 Greek Fire
73:44 Chain Mail Armor
73:49 Chain Barding Armor
76:07 Plate Mail Armor
Connection lost

Rejoining the realm…

Still unreachable

The connection could not be restored.

Session expired

The server has moved on; the page needs a fresh start.